Map: Newkirk Precinct TE (Void)

Players

Pelden - Winner!

  • Race: Zerg Zerg
  • Spawn Location: 5:00

dallaskuken

  • Race: Protoss Protoss
  • League: Platinum
  • Spawn Location: 7:00

VOD

Have the link to the VOD?

Description

Time

  • Played on: April 12, 2017, 3:47 p.m.
  • Length: 12:43
Show
View Real Time Build Order
Export as new Build Order

Pelden Zerg - Winner!

Build Orders: Hatch First 

Get SALT Encoding   

  12  0:01  Drone  
  13  0:13  Overlord  
  13  0:18  Drone  
  14  0:31  Drone x2  
  16  0:38  Drone  
  17  0:45  Drone  
  18  0:58  Drone  
  18  1:02  Hatchery  
  18  1:07  Drone  
  19  1:19  Spawning Pool, Drone  
  19  1:28  Overlord  
  19  1:37  Extractor  
  19  1:39  Drone  
  19  1:53  Drone  
  20  2:03  Drone  
  20  2:07  Queen  
  23  2:14  Queen  
  23  2:15  Drone  
  26  2:19  Overlord  
  26  2:25  Drone  
  26  2:28  Drone  
  28  2:32  Roach Warren  
  28  2:33  Drone  
  28  2:36  Drone  
  29  3:04  Drone x2  
  31  3:09  Lair  
  31  3:15  Drone x2  
  31  3:16  Drone  
  31  3:17  Drone  
  35  3:21  Drone x3  
  38  3:27  Drone  
  38  3:28  Drone, Extractor  
  38  3:30  Hatchery  
  38  3:36  Drone  
  38  3:37  Evolution Chamber  
  38  3:38  Drone x2  
  40  3:49  Queen  
  40  3:50  Overlord  
  42  4:00  Roach  
  44  4:07  Hydralisk Den  
  44  4:09  Zerg Missile Weapons Level 1  
  43  4:11  Roach x2  
  43  4:12  Overlord  
  43  4:13  Overlord  
  43  4:14  Drone  
  43  4:15  Drone  
  49  4:18  Overseer  
  49  4:21  Spine Crawler  
  49  4:23  Drone  
  49  4:55  Drone x3, Extractor  
  49  4:59  Drone x2  
  53  5:00  Queen  
  53  5:05  Pneumatized Carapace  
  55  5:08  Muscular Augments  
  55  5:10  Roach, Overlord x2  
  55  5:13  Drone x2  
  55  5:14  Drone x2, Extractor  
  60  5:23  Drone  
  60  5:24  Drone  
  62  5:32  Roach x2  
  62  5:33  Roach x4  
  62  5:34  Overlord  
  74  5:36  Queen  
  74  5:38  Drone  
  74  5:39  Drone  
  78  5:44  Drone  
  78  5:48  Spore Crawler  
  78  5:49  Drone  
  79  5:50  Spine Crawler  
  79  5:54  Hydralisk x3  
  84  6:12  Drone x3  
  87  6:19  Infestation Pit  
  87  6:21  Zerg Missile Weapons Level 2  
  87  6:23  Glial Reconstitution  
  87  6:25  Roach  
  88  6:29  Drone x2  
  88  6:30  Drone  
  91  6:33  Drone  
  91  6:34  Drone x2  
  94  6:42  Overseer  
  94  6:43  Overseer x2  
  94  6:52  Roach x2  
  98  6:57  Overlord  
  98  6:58  Overlord x3  
  98  7:00  Lurker Den  
  96  7:04  Hydralisk  
  96  7:05  Hatchery  
  97  7:17  Drone  
  97  7:18  Drone x3  
  97  7:19  Extractor  
  97  7:20  Extractor  
  99  7:26  Roach x3  
  99  7:27  Roach x7  
  99  7:28  Overlord  
  99  7:29  Hydralisk  
  119  7:44  Roach  
  119  7:45  Roach x4  
  121  8:10  Roach x6  
  121  8:11  Roach x2  
  137  8:14  Overlord x3  
  137  8:15  Overlord  
  137  8:22  Roach  
  137  8:23  Roach x2  
  137  8:24  Overlord x2  
  143  8:28  Hive  
  143  8:58  Burrow  
  143  9:00  Tunneling Claws  
  143  9:03  Zerg Ground Armor Level 1  
  143  9:04  Roach x3  
  143  9:09  Roach  
  153  9:10  Roach  
  148  9:46  Roach, Hydralisk x3  
  148  9:47  Hydralisk x2  
  160  10:04  Hydralisk  
  160  10:05  Hydralisk x3  
  168  10:15  Hydralisk x2  
  172  10:25  Drone x2  
  172  10:26  Drone  
  172  10:27  Queen  
  172  10:28  Overlord x3  
  177  10:39  Drone  
  177  10:40  Drone  
  179  10:49  Roach  
  183  10:50  Roach x7  
  139  11:22  Roach, Zergling x2  
  139  11:23  Roach  
  139  11:25  Roach x3  
  137  11:28  Drone x3  
  137  11:30  Roach x2  
  137  11:31  Roach, Drone x3  
  143  11:36  Roach  
  145  11:44  Roach x2  
  139  11:52  Roach, Overseer x4  
  135  12:06  Roach x2  
Show
View Real Time Build Order
Export as new Build Order

dallaskuken Protoss 

Build Orders:  

Get SALT Encoding   

  12  0:01  Probe (Chrono Boost)  
  13  0:11  Probe (Chrono Boost)  
  14  0:18  Pylon  
  14  0:22  Probe (Chrono Boost)  
  15  0:37  Probe (Chrono Boost)  
  16  0:44  Gateway  
  16  0:47  Probe (Chrono Boost)  
  16  0:49  Assimilator  
  17  0:58  Probe (Chrono Boost)  
  18  1:08  Probe (Chrono Boost)  
  19  1:19  Probe (Chrono Boost)  
  20  1:29  Probe (Chrono Boost)  
  20  1:31  Cybernetics Core  
  21  1:40  Probe (Chrono Boost)  
  21  1:42  Assimilator  
  22  1:51  Nexus  
  22  1:57  Probe (Chrono Boost)  
  23  2:09  Pylon  
  23  2:27  Zealot  
  23  2:28  Mothership Core (Chrono Boost)  
  27  2:30  Pylon  
  27  2:45  Warp Gate  
  27  2:46  Probe (Chrono Boost)  
  28  2:53  Pylon  
  28  2:55  Adept  
  30  3:05  Probe (Chrono Boost)  
  30  3:12  Probe (Chrono Boost)  
  31  3:16  Probe (Chrono Boost)  
  32  3:22  Probe (Chrono Boost)  
  32  3:25  Robotics Facility  
  32  3:26  Probe (Chrono Boost)  
  34  3:30  Stalker  
  34  3:33  Probe (Chrono Boost)  
  37  3:39  Pylon  
  37  3:44  Probe (Chrono Boost)  
  37  3:47  Probe (Chrono Boost)  
  39  3:54  Probe (Chrono Boost)  
  40  3:59  Probe (Chrono Boost)  
  41  4:05  Probe (Chrono Boost)  
  41  4:06  Adept  
  44  4:15  Gateway  
  44  4:17  Gateway  
  44  4:19  Gateway  
  44  4:22  Forge  
  45  4:24  Probe (Chrono Boost)  
  45  4:34  Probe (Chrono Boost)  
  45  4:35  Probe (Chrono Boost)  
  47  4:45  Probe (Chrono Boost)  
  48  4:47  Immortal  
  48  4:48  Probe (Chrono Boost)  
  53  4:54  Adept  
  53  4:55  Probe (Chrono Boost)  
  53  4:56  Protoss Ground Weapons Level 1  
  56  5:02  Twilight Council  
  56  5:12  Assimilator  
  56  5:14  Probe (Chrono Boost)  
  56  5:16  Assimilator  
  57  5:25  Probe (Chrono Boost)  
  58  5:30  Immortal  
  58  5:31  Pylon  
  58  5:34  Pylon  
  62  5:35  Adept x2  
  62  5:36  Adept x2  
  70  6:02  Probe (Chrono Boost)  
  71  6:05  Sentry x2  
  71  6:07  Stalker  
  71  6:08  Stalker  
  79  6:12  Probe (Chrono Boost)  
  79  6:15  Immortal  
  84  6:18  Resonating Glaives  
  84  6:23  Probe (Chrono Boost)  
  85  6:42  Probe (Chrono Boost)  
  86  6:47  Pylon  
  86  6:49  Pylon  
  86  6:50  Pylon  
  86  6:52  Pylon  
  86  7:07  Nexus  
  86  7:08  Pylon  
  86  7:11  Adept  
  86  7:12  Adept x3  
  86  7:13  Pylon  
  94  7:16  Warp Prism  
  74  8:01  Stalker x4  
  80  8:06  Observer  
  73  8:31  Stalker  
  73  8:32  Stalker x2  
  78  8:50  Gateway  
  78  8:52  Gateway  
  78  8:54  Gateway  
  78  8:56  Gateway  
  78  8:59  Zealot x2  
  78  9:00  Zealot x2  
  86  9:22  Zealot  
  86  9:23  Zealot x3  
  80  9:52  Stalker x2  
  82  9:53  Stalker x2  
  86  10:13  Immortal  
  90  10:23  Stalker  
  90  10:24  Stalker x3  
  98  10:40  Nexus  
  98  10:41  Pylon  
  98  10:42  Zealot  
  98  10:43  Zealot x3  
  78  10:58  Zealot x3  
  78  10:59  Zealot  
  78  11:08  Zealot  
  78  11:09  Zealot x3  
  74  11:24  Zealot  
  74  11:25  Zealot  
  66  11:33  Stalker x4  
  64  11:53  Sentry x2  
  43  12:07  Stalker x4  
Tags
 
Add a new tag
Caveats
  • Supply blocks, unpowered buildings, or Contaminate may cause inaccurate times.
  • Supply counts are checked every 10 seconds.